 Seeded DCSS version 0.28.0-62-gf88900778d (webtiles) character file.

Game seed: 13591998346360536447 (custom seed)

7 Psyclone the Conjurer (level 2, -1/17 HPs)
             Began as an Octopode Conjurer on Oct 23, 2023.
             Slain by a hobgoblin (4 damage)
             ... on level 1 of the Dungeon.
             The game lasted 00:00:44 (583 turns).

Psyclone the Conjurer (Octopode Conjurer)            Turns: 583, Time: 00:00:45

Health: -1/17      AC:  1    Str:  6    XL:     2   Next: 4%
Magic:  5/5        EV: 13    Int: 20    God:
Gold:   14         SH:  0    Dex: 10    Spells: 4/5 levels left

rFire   . . .      SeeInvis .   a - +0 dagger
rCold   . . .      Faith    .   (no shield)
rNeg    . . .      Spirit   .   (helmet restricted)
rPois   .          Reflect  .   (no amulet)
rElec   .          Harm     .   (no ring)
rCorr   .          Rampage  .   (no ring)
Will    .....                   (no ring)
Stlth   +++.......              (no ring)
HPRegen 0.05/turn               (no ring)
MPRegen 0.09/turn               (no ring)
                                (no ring)
                                (no ring)

@: no status effects
A: almost no armour, amphibious, 8 rings, camouflage 1, gelatinous body 1,
(nimble swimmer 1), tentacles
a: no special abilities


You were on level 1 of the Dungeon.
You visited 1 branch of the dungeon, and saw 1 of its levels.

You collected 14 gold pieces.

Inventory:

Hand Weapons
 a - a +0 dagger (weapon)


   Skills:
 - Level 2.0 Dodging
 - Level 2.6 Stealth
 - Level 2.0 Spellcasting
 + Level 4.4 Conjurations


You had 4 spell levels left.
You knew the following spells:

 Your Spells              Type           Power      Damage    Failure   Level
a - Magic Dart            Conj           76%        1d6       2%          1

Your spell library contained the following spells:

 Spells                   Type           Power      Damage    Failure   Level
 Searing Ray              Conj           38%        2d5       3%          2
 Dazzling Flash           Conj/Hex       20%        N/A       19%         3
 Fulminant Prism          Conj/Hex       5%         3d7       54%         4
 Iskenderun's Mystic Bla  Conj/Tloc      10%        2d4       54%         4


Dungeon Overview and Level Annotations

Branches:
Dungeon (1/15)

Altars:


Innate Abilities, Weirdness & Mutations

You cannot wear most types of armour.
You are amphibious.
You can wear up to eight rings at the same time.
Your skin changes colour to match your surroundings (Stealth+).
Your rubbery body absorbs attacks. (AC +1, EV +1)
((You are camouflaged when in or above water. (Stealth+)))
You have tentacles for arms and can constrict up to eight enemies at once.


Message History

The slug dart misses you.
You hit the fungus.
The fungus begins to die.
You grab the fungus.
The fungus is lightly damaged.
You constrict the fungus. The hobgoblin hits you.
You release your grip on the fungus.
You hit the fungus but do no damage. You grab the fungus.
The fungus begins to die.
You squeeze the fungus!
The fungus is lightly damaged.
You constrict the fungus, but do no damage.
The hobgoblin misses you.
You release your grip on the fungus.
The hobgoblin closely misses you.
The endoplasm quivers.
You hit the plant.
The plant begins to die.
You grab the plant. You squeeze the plant!
The plant is lightly damaged.
You constrict the plant.
A nearby fungus withers and dies.
The hobgoblin closely misses you.
You release your grip on the plant.
A nearby fungus withers and dies.
The dart slug launches a dart at you. The slug dart hits you.
A nearby plant withers and dies.
The dart slug launches a dart at you. The slug dart misses you.
You hit the plant.
The plant begins to die.
You grab the plant.
The plant is lightly damaged.
You constrict the plant. The hobgoblin hits you.
You hit the plant. You tentacle-slap the plant. You squeeze the plant.
The plant is lightly damaged.
You constrict the plant. The hobgoblin hits you.
* * * LOW HITPOINT WARNING * * *
You hit the plant. You squeeze the plant.
The plant is lightly damaged.
You constrict the plant. The hobgoblin hits you.
* * * LOW HITPOINT WARNING * * *
You hit the plant. You squeeze the plant!
The plant is lightly damaged.
You constrict the plant.
A nearby plant withers and dies.
You lose your grip on the plant.
The endoplasm barely misses you. The hobgoblin hits you.
You die...

######## ......... ##P....♣.♣.#
##.P........♣## #.P..P♣.....P.##
♣♣..♣..P...♣.P.# #......#
#♣..P.P...P....♣# #......#
#.gP............# #......##
#.@JwP.....P.P..# #......
#.......<....P.♣### #.....#
#....P.....P.....#.
#.....########............♣.....
#.>......>..[..♣.♣.....P........
#.#......#.......♣.........P....
#...#.#.....#..♣.P....♣.♣.......
#####.#.######.........♣.....#..
#...# ##..♣.....♣....####


You could see a dart slug, an endoplasm and a hobgoblin.

Vanquished Creatures
  3 jackals (D:1)
  A kobold (D:1)
  A ball python (D:1)
  2 rats (D:1)
7 creatures vanquished.

Vanquished Creatures (others)
  2 fungi (D:1)
  3 plants (D:1)
5 creatures vanquished.

Grand Total: 12 creatures vanquished

Notes
Turn   | Place    | Note
-------+----------+-------------------------------------------
     0 | D:1      | Psyclone the Octopode Conjurer began the quest for the Orb.
     0 | D:1      | Reached XP level 1. HP: 11/11 MP: 3/3
    59 | D:1      | Reached XP level 2. HP: 15/17 MP: 5/5
   583 | D:1      | Slain by a hobgoblin

Illustrated notes

Levels and vault maps discovered:
D:1:      wander_arrival_fairy_ring, layout_basic, chequers_serial_rivers_room_a

Action                   || total
-------------------------++-------
Melee: Dagger            ||    17
       Tentacles         ||     8
       Constrict         ||     6
       Punch             ||     2
 Cast: Magic Dart        ||     2
 Stab: Sleeping          ||     2
Armor: Skin              ||     1
Dodge: Dodged            ||    10
